 Dungeon Crawl Stone Soup version 0.26-a0-278-g3b0d5afba5 (webtiles) character file.

Game seed: 2944110795889659440

3140 BritishOli the Skirmisher (level 9, -2/72 HPs)
             Began as a Demonspawn Fighter on July 12, 2020.
             Was a Priest of Okawaru.
             Killed from afar by a gargoyle (4 damage)
             ... with a stone arrow
             ... on level 9 of the Dungeon.
             The game lasted 00:11:45 (8451 turns).

BritishOli the Skirmisher (Demonspawn Fighter)      Turns: 8451, Time: 00:11:46

Health: -2/72      AC: 16    Str: 19    XL:     9   Next: 61%
Magic:  0/9        EV:  8    Int:  9    God:    Okawaru [***...]
Gold:   608        SH: 11    Dex: 17    Spells: 8/8 levels left

rFire    + . .     SeeInvis .   a - +0 long sword
rCold    . . .     Faith    .   c - +0 kite shield
rNeg     . . .     Spirit   +   b - +0 scale mail
rPois    .         Reflect  .   u - +1 helmet
rElec    .         Harm     .   h - +0 cloak
rCorr    +                      (no gloves)
MR       .....                  y - +0 pair of boots of the Moon Troll {Dex+3} (curse)
Stlth    ..........             F - amulet of guardian spirit
HPRegen  0.22/turn              q - +4 ring of slaying
MPRegen  0.11/turn              f - ring of protection from fire

@: no status effects
A: yellow scales 3, demonic guardian 1, spiny 2
a: Heroism, Renounce Religion


You were on level 9 of the Dungeon.
You worshipped Okawaru.
Okawaru was most pleased with you.
You visited 2 branches of the dungeon, and saw 10 of its levels.

You collected 608 gold pieces.

Inventory:

Hand Weapons
 a - a +0 long sword (weapon)
Armour
 b - a +0 scale mail (worn)
 c - a +0 kite shield (worn)
 h - a +0 cloak (worn)
 u - a +1 helmet (worn)
 y - the cursed +0 pair of boots of the Moon Troll (worn) {Dex+3}
   (You found it on level 4 of the Dungeon)

   It affects your dexterity (+3).
   It has a curse placed upon it.
Jewellery
 f - a ring of protection from fire (right hand)
 g - an uncursed ring of wizardry {unknown}
 q - a +4 ring of slaying (left hand)
 C - a +6 ring of dexterity {unknown}
 D - a +4 ring of protection {unknown}
 F - an amulet of guardian spirit (around neck)
 K - a cursed ring of teleportation {unknown}
Wands
 J - a wand of enslavement (12)
 M - a wand of iceblast (7)
 N - a wand of disintegration (5)
Scrolls
 e - 2 scrolls of teleportation
 l - 9 scrolls of remove curse
 o - 5 scrolls of enchant armour
 p - 2 scrolls of fog
 r - 2 scrolls of magic mapping
 s - a scroll of enchant weapon
 w - a scroll of fear {unknown}
 z - 2 scrolls of amnesia {unknown}
 A - 2 scrolls of blinking {unknown}
 E - a scroll of silence {unknown}
 L - a scroll of vulnerability {unknown}
Potions
 d - 3 potions of might
 i - 4 potions of heal wounds {unknown}
 j - 2 potions of berserk rage {unknown}
 k - 3 potions of stabbing
 m - 4 potions of cancellation
 n - 2 potions of magic {unknown}
 x - a potion of flight {unknown}
 B - a potion of brilliance {unknown}
 G - a potion of curing {unknown}
 H - 3 potions of degeneration {unknown}
 I - a potion of lignification {unknown}


   Skills:
 + Level 7.4 Fighting
 + Level 6.4 Long Blades
 + Level 6.8 Armour
 + Level 6.8 Shields


You had 8 spell levels left.
You didn't know any spells.
Your spell library contained the following spells:

 Spells                   Type           Power        Failure   Level
 Corona                   Hex            #......      97%         1
 Freeze                   Ice            #...         97%         1
 Ensorcelled Hibernation  Hex/Ice        #.....       99%         2
 Confusing Touch          Hex            #.......     100%        3
 Dazzling Flash           Conj/Hex       #.....       100%        3
 Frozen Ramparts          Ice            #.....       100%        3
 Ozocubu's Armour         Chrm/Ice       #.......     100%        3
 Tukima's Dance           Hex            #.......     100%        3
 Hailstorm                Conj/Ice       #.......     100%        4
 Summon Ice Beast         Ice/Summ       #.......     100%        4


Dungeon Overview and Level Annotations

Branches:
Dungeon (9/15)             Temple (1/1) D:4             Orc (0/2) D:9
   Lair: D:8-11

Altars:
Ashenzari
Cheibriados
Elyvilon
Fedhas
Gozag
Hepliaklqana
Kikubaaqudgha
Makhleb
Okawaru
Qazlal
Ru
Sif Muna
Trog
Uskayaw
Vehumet
Wu Jian
Xom
Yredelemnul
Zin
The Shining One
Beogh

Shops:
D:4 ?   D:6 (   D:7 (   D:8 :

Annotations:
D:9 3 runed translucent doors, Benuefi's ghost, novice GrFi


Innate Abilities, Weirdness & Mutations

You are completely covered in yellow scales. (AC +4, rCorr)
A weak demonic guardian rushes to your aid.
You are mostly covered in sharp spines.


Message History

r - Retreat! s - Stop attacking. g - Guard the area. f - Follow me.
Anything else - Cancel.
Okay, then.
Evoke which item? (* to show all) (? for menu, Esc to quit)
Aiming: Disintegrate
Press: ? - help, Shift-Dir - straight line, f - gargoyle
Aim: a gargoyle, wielding a +0 mace (severely damaged, chance to defeat MR: 48%)
The gargoyle resists with some effort.
You block the gargoyle's attack.
Your shadow imp hits the gargoyle but does no damage.
You hit the gargoyle.
The gargoyle is severely damaged.
The gargoyle hurls a stone arrow at you.
You block the stone arrow.
Your shadow imp hits the gargoyle but does no damage.
You hit the gargoyle but do no damage.
The gargoyle is severely damaged.
The gargoyle hurls a stone arrow at you.
The stone arrow hits you.
You die...

#......... #.#########
#....####.#.......#
#....#....#.......#
###....#.>..#..#######
....(..#....#..#Z#.#.#
.......#....#..#.....#
.......#....#..+Z..)##
.......#@..?#..+Z..?.#
......59.......+W..(##
.......#######.#Z....#
...............#.#.#.#
...............#######
################


You could see a gargoyle and a friendly shadow imp (summoned).

Vanquished Creatures
  Pikel (D:7)
  A hornet (D:7)
  A hippogriff (D:7)
  A wyvern (D:7)
  An orc warrior (D:7)
  A phantom (D:8)
  2 ice beasts
  3 ogres
  2 sky beasts (D:5)
  A centaur (D:6)
  4 lemures (D:8)
  2 bullfrogs (D:7)
  3 scorpions
  A howler monkey (D:5)
  5 orc priests
  2 hounds
  A centaur skeleton (D:8)
  A jelly (D:2)
  A bullfrog skeleton (D:4)
  4 iguanas
  9 orc wizards
  4 worker ants
  2 hound zombies
  A hound skeleton (D:2)
  A worker ant zombie (D:8)
  12 adders
  3 gnolls (D:6)
  A shadow imp (D:7)
  3 ufetubi
  An ooze (D:5)
  3 adder skeletons
  4 worms
  A dart slug (D:1)
  5 leopard geckos
  37 orcs
  3 ball pythons
  12 bats
  A bat skeleton (D:2)
  7 giant cockroaches
  6 goblins
  6 hobgoblins
  7 jackals
  8 kobolds
  4 quokkas
  A ball python skeleton (D:2)
  9 frilled lizards
  A jackal skeleton (D:5)
  A jackal zombie (D:2)
  A leopard gecko skeleton (D:7)
  9 rats
201 creatures vanquished.

Vanquished Creatures (collateral kills)
  A scorpion (D:8)
  An orc (D:8)
2 creatures vanquished.

Vanquished Creatures (others)
  An orc (D:8)
1 creature vanquished.

Grand Total: 204 creatures vanquished

Notes
Turn   | Place    | Note
-------+----------+-------------------------------------------
     0 | D:1      | BritishOli the Demonspawn Fighter began the quest for the
                  | Orb.
     0 | D:1      | Reached XP level 1. HP: 18/18 MP: 1/1
   177 | D:1      | Gained mutation: You are partially covered in sharp spines.
                  | [demonic ancestry]
   177 | D:1      | Reached XP level 2. HP: 16/24 MP: 2/2
   586 | D:1      | Reached XP level 3. HP: 29/29 MP: 3/3
  1394 | D:2      | Found a stormy altar of Qazlal.
  1487 | D:2      | Reached XP level 4. HP: 29/35 MP: 4/4
  2171 | D:3      | Gained mutation: You are partially covered in yellow
                  | scales. (AC +2) [demonic ancestry]
  2171 | D:3      | Reached XP level 5. HP: 42/42 MP: 5/5
  2385 | D:3      | Reached skill level 4 in Fighting
  2586 | D:3      | Found a blossoming altar of Fedhas.
  2765 | D:3      | Found a glowing golden altar of the Shining One.
  3013 | D:4      | Gained mutation: You are mostly covered in yellow scales.
                  | (AC +3) [demonic ancestry]
  3013 | D:4      | Reached XP level 6. HP: 46/48 MP: 6/6
  3014 | D:4      | Found a staircase to the Ecumenical Temple.
  3044 | Temple   | Entered the Ecumenical Temple
  3204 | Temple   | Became a worshipper of Warmaster Okawaru
  3669 | D:4      | Found a roughly hewn altar of Beogh.
  3687 | D:4      | Reached * piety under Okawaru
  3687 | D:4      | Gained mutation: You are completely covered in yellow
                  | scales. (AC +4, rCorr) [demonic ancestry]
  3687 | D:4      | Reached XP level 7. HP: 22/55 MP: 7/7
  3905 | D:4      | Got a pair of translucent boots
  3922 | D:4      | Identified the cursed +0 pair of boots of the Moon Troll
                  | {Dex+3} (You found it on level 4 of the Dungeon)
  4191 | D:4      | Found Heuceur's Magic Scroll Shoppe.
  4504 | D:5      | Entered Level 5 of the Dungeon
  4509 | D:5      | Reached skill level 5 in Fighting
  4799 | D:5      | Reached ** piety under Okawaru
  4935 | D:5      | Found an ornate altar of the Wu Jian Council.
  4935 | D:5      | Found a shimmering blue altar of Sif Muna.
  4935 | D:5      | Found an ancient bone altar of Kikubaaqudgha.
  4938 | D:5      | Found a shimmering altar of Xom.
  4940 | D:5      | Found a radiant altar of Vehumet.
  5290 | D:6      | Reached skill level 5 in Armour
  5290 | D:6      | Reached skill level 5 in Shields
  5290 | D:6      | Gained mutation: You are mostly covered in sharp spines.
                  | [demonic ancestry]
  5290 | D:6      | Reached XP level 8. HP: 63/63 MP: 8/8
  5311 | D:6      | Found Casaof's Antique Weapon Emporium.
  6271 | D:7      | Found Getah's Weapon Shoppe.
  6287 | D:7      | Reached skill level 6 in Fighting
  6352 | D:7      | Reached skill level 5 in Long Blades
  6589 | D:7      | Reached *** piety under Okawaru
  6807 | D:7      | Noticed a hippogriff
  6816 | D:7      | Killed a hippogriff
  7118 | D:7      | Noticed a hornet
  7128 | D:7      | Killed a hornet
  7128 | D:7      | Gained mutation: A weak demonic guardian rushes to your
                  | aid. [demonic ancestry]
  7128 | D:7      | Reached XP level 9. HP: 40/71 MP: 9/9
  7356 | D:7      | Found a burning altar of Makhleb.
  7356 | D:7      | Noticed a green death
  7388 | D:8      | Found Enkir's Book Boutique.
  7388 | D:8      | Noticed Pikel
  7410 | D:8      | Reached **** piety under Okawaru
  7438 | D:7      | Reached skill level 7 in Fighting
  7470 | D:7      | Was placed under penance by Okawaru
  7484 | D:7      | Killed Pikel
  7550 | D:7      | Noticed a cyclops
  7550 | D:7      | Noticed an orc knight
  7930 | D:8      | Found an opulent altar of Gozag.
  8041 | D:8      | Noticed an orc knight
  8041 | D:8      | Noticed a merfolk javelineer
  8041 | D:8      | Noticed a merfolk
  8046 | D:8      | Noticed a merfolk
  8090 | D:8      | Was forgiven by Okawaru
  8091 | D:8      | Noticed an orc knight
  8091 | D:8      | Noticed a stone giant
  8389 | D:9      | Found a staircase to the Orcish Mines.
  8405 | D:9      | Found a runed translucent gate.
  8408 | D:9      | Found a runed translucent gate.
  8408 | D:9      | Found a runed translucent gate.
  8409 | D:9      | Noticed Benuefi's ghost (novice GrFi)
  8429 | D:9      | Noticed a gargoyle
  8447 | D:9      | HP: 1/72 [gargoyle/stone arrow (10)]
  8451 | D:9      | Killed from afar by a gargoyle

Illustrated notes

Levels and vault maps discovered:
D:1:      dpeg_arrival_shrine, layout_loops_ring, minivault_24, st_stairs_12,
          minmay_misc_feat_rugged
D:2:      layout_loops_ring, lemuel_doored_altar, serial_undead,
          serial_undead_e, serial_undead_b, serial_undead_f, serial_undead_e,
          serial_undead_c, serial_undead_e, minmay_pentomino_r4
D:3:      layout_basic, tso_oasis_becter, fedhas_ov_isle_minmay
D:4:      layout_cave_pods, minmay_temple_entry_sparse_star, serial_shops,
          shop_coins, serial_column_ruins, column_ruins_columns_dead_end,
          column_ruins_open_small, column_ruins_grid_4,
          column_ruins_corridor_straight, column_ruins_grid_1,
          column_ruins_grid_1, column_ruins_open_medium, kennysheep_nub,
          chequers_serial_rivers_small_3, kennysheep_orc_chapel
D:5:      layout_loops_ring, minitemple
D:6:      layout_basic, serial_shops, nicolae_shop_waterfront
D:7:      layout_basic, serial_shops, nicolae_shop_statue_plus,
          makhleb_altar_promises_db
D:8:      layout_rooms, kennysheep_mini_moat, serial_shops,
          nicolae_shop_temple_entry_statues_fountains,
          chequers_guarded_unrand_ignorance, uniq_gastronok, uniq_pikel
D:9:      layout_irregular_city, nemelex_xobeh_ov_fountains_minmay, orc_0_dummy,
          gammafunk_ghost_necromancy
Temple:   nicolae_temple_figure_eight

Skill      XL: |  1  2  3  4  5  6  7  8  9 |
---------------+----------------------------+-----
Long Blades    | 2 3 4 5 6 |  6.4
Armour         | 3 4 5 6 |  6.8
Shields        | 3 4 5 6 |  6.8
Fighting       | 4 5 6 7 |  7.4

Action                   |  1- 3 |  4- 6 |  7- 9 || total
-------------------------+-------+-------+-------++-------
Melee: Long sword        |   121 |   139 |   274 ||   534
Evoke: Wand              |       |       |     1 ||     1
  Use: Scroll            |       |     6 |     7 ||    13
 Stab: Distracted        |       |       |     2 ||     2
Armor: Scale mail        |    90 |    68 |   149 ||   307
Dodge: Dodged            |    40 |    37 |    92 ||   169
Block: Kite shield       |    63 |    66 |   162 ||   291
       Rpst.: Long sword |    16 |    13 |    25 ||    54

Table legend:
 A = Non-vault XP
 B = Vault XP
 C = Vault XP percentage of total XP
 D = Non-vault monster count
 E = Vault monster count
 F = Vault count percentage of total count
                 A         B        C        D         E       F
            +---------+---------+-------+---------+---------+-------
      Total |    3926 |     560 |  12.5 |     185 |      14 |   7.0
            +---------+---------+-------+---------+---------+-------
        D:1 |      45 |       2 |   4.3 |      26 |       1 |   3.7
        D:2 |     101 |      45 |  30.8 |      25 |       9 |  26.5
        D:3 |     125 |       0 |   0.0 |      25 |       0 |   0.0
        D:4 |     472 |      81 |  14.6 |      29 |       3 |   9.4
        D:5 |     506 |       0 |   0.0 |      17 |       0 |   0.0
        D:6 |     452 |       0 |   0.0 |      13 |       0 |   0.0
        D:7 |    1488 |     432 |  22.5 |      27 |       1 |   3.6
        D:8 |     737 |       0 |   0.0 |      23 |       0 |   0.0
            +---------+---------+-------+---------+---------+-------
